 Dungeon Crawl Stone Soup version 0.29.1-15-g9cfb28693d (webtiles) character file.

Game seed: 8961748888174289109

279 protoss039 the Digger (level 6, 46/46 HPs)
             Began as a Demonspawn Earth Elementalist on Mar 21, 2023.
             Got out of the dungeon alive.
             The game lasted 00:04:14 (4229 turns).

protoss039 the Digger (DsEE)                        Turns: 4229, Time: 00:04:14

Health: 46/46      AC:  3    Str:  8    XL:     6   Next: 5%
Magic:  11/11      EV: 11    Int: 19    God:
Gold:   248        SH:  0    Dex: 13    Spells: 5/11 levels left

rFire   . . .      SeeInvis .   C - +1 hand axe (venom)
rCold   . . .      Faith    .   (no shield)
rNeg    . . .      Spirit   .   e - +0 leather armour
rPois   .          Reflect  .   (helmet restricted)
rElec   .          Harm     .   (no cloak)
rCorr   .          Rampage  .   (no gloves)
Will    +....                   (no boots)
Stlth   ++........              z - amulet of the acrobat
HPRegen 0.15/turn               r - ring of willpower
MPRegen 0.12/turn               (no ring)

@: no status effects
A: antennae 1, ignite blood 2
a: no special abilities


You escaped.
You visited 1 branch of the dungeon, and saw 5 of its levels.

You collected 248 gold pieces.

Inventory:

Hand Weapons
 C - a +1 hand axe of venom (weapon)
Armour
 e - a +0 leather armour (worn)
Jewellery
 r - a ring of willpower (left hand)
 z - an amulet of the acrobat (around neck)
 B - a ring of fire
Scrolls
 d - a scroll of silence {unknown}
 g - 3 scrolls of amnesia {unknown}
 h - 3 scrolls of identify {unknown}
 j - 2 scrolls of fear {unknown}
 k - 2 scrolls of immolation {unknown}
 m - a scroll of fog {unknown}
 o - a scroll of enchant armour {unknown}
 v - 3 scrolls of teleportation {unknown}
 w - 2 scrolls of enchant weapon {unknown}
 x - a scroll of magic mapping {unknown}
 y - a scroll of poison {unknown}
Potions
 b - a potion of magic
 c - 2 potions of might {unknown}
 f - 2 potions of curing {unknown}
 i - a potion of lignification {unknown}
 l - 3 potions of brilliance {unknown}
 n - a potion of heal wounds {unknown}
 q - 2 potions of attraction {unknown}
 s - 2 potions of haste {unknown}
 t - a potion of flight {unknown}
 u - a potion of degeneration {unknown}
 A - a potion of ambrosia {unknown}


   Skills:
 + Level 2.9 Fighting
 * Level 1.7 Armour
 - Level 1.7 Dodging
 - Level 1.7 Stealth
 + Level 3.3 Spellcasting
 + Level 1.1 Conjurations
 - Level 0.8 Transmutations
 + Level 3.9 Earth Magic


You had 5 spell levels left.
You knew the following spells:

 Your Spells              Type           Power      Damage    Failure   Level
a - Sandblast             Erth           36%        2d10      4%          1
b - Passwall              Tmut/Erth      10%        N/A       12%         2
c - Stone Arrow           Conj/Erth      24%        3d8       22%         3

Your spell library contained the following spells:

 Spells                   Type           Power      Damage    Failure   Level
 Ignite Poison            Fire/Tmut/Pois 4%         N/A       50%         3
 Petrify                  Tmut/Erth      12%        N/A       58%         4
 Animate Armour           Summ/Erth      20%        N/A       67%         4
 Lee's Rapid Deconstruct  Erth           9%         3d8*      75%         5
 Lehudib's Crystal Spear  Conj/Erth      6%         10d3      100%        8


Dungeon Overview and Level Annotations

Branches:
Dungeon (5/15) Zot: 25718
 Temple: D:4-7

Altars:

Shops:
D:1 :   D:3 (

Annotations:
D:4 3 runed translucent doors, gargbit's ghost, amateur DsHu


Innate Abilities, Weirdness & Mutations

You have a pair of small antennae on your head.
Your demonic aura often causes spilled blood to erupt in flames.


Message History

The orc priest looks satisfied for a moment.
Unknown command.
You closely miss the orc priest. The orc priest closely misses you.
Unknown command.
You hit the orc priest but do no damage.
The orc priest is poisoned.
The orc priest hits you with a +0 flail.
The orc priest misses you.
Unknown command.
You hit the orc priest.
The orc priest looks as sick as possible!
The orc priest is moderately wounded.
The orc priest barely misses you.
Unknown command.
You hit the orc priest.
You kill the orc priest!
You have reached level 6!
Your demonic ancestry asserts itself...
A pair of antennae grows on your head!
Unknown command.
You open the door.
There is an open door here.
Magic restored.
HP restored.
There is a stone staircase leading up here.
You climb upwards.
There is a stone staircase leading down here.
Unknown command.
(D) Dungeon
Where to? (Enter - D:4 @ (x,y), ? - help)
What level of the Dungeon? (default 1, ? - help)
There is a stone staircase leading up here.
You climb upwards.
There is a stone staircase leading down here.
There is a stone staircase leading up here.
You climb upwards.
There is a stone staircase leading down here.
There is a staircase leading out of the dungeon here.
Are you sure you want to leave the Dungeon?
This will make you lose the game!
You have escaped!

.......##....##.........#
#.
.................###....#
#.
.......#.....###........#
#.
.#######.##.########....#
#. .####
#....#.......#...# #.
....# #####..#####.....##
#. ....#
##..#.....#.....#### #.
....#
##..#.......#.......# #.
....#
#..#....@....#...##.# #.
#####
##..#.......#..#.##.# ##
##..#.....#..##....#
##..#####..####..######
##.......##.......>...
####....##.....######
##..........#
######.....# #..(..#


There were no monsters in sight!

Vanquished Creatures
  An ice beast (D:5)
  A hound (D:4)
  An orc priest (D:4)
  6 adders
  A worm (D:2)
  2 dart slugs
  7 orcs
  9 bats
  6 endoplasms
  3 giant cockroaches
  3 goblins
  5 hobgoblins
  4 quokkas
  3 ball pythons
  2 frilled lizards
  5 kobolds
  5 rats
64 creatures vanquished.

Notes
Turn   | Place    | Note
-------+----------+-------------------------------------------
     0 | D:1      | protoss039 the Demonspawn Earth Elementalist began the
                  | quest for the Orb.
     0 | D:1      | Reached XP level 1. HP: 13/13 MP: 3/3
   264 | D:1      | Gained mutation: Your demonic aura sometimes causes spilled
                  | blood to erupt in flames. [demonic ancestry]
   264 | D:1      | Reached XP level 2. HP: 20/20 MP: 1/5
   335 | D:1      | Reached skill level 1 in Fighting
   817 | D:1      | Found Mizuocux's Book Shop.
  1057 | D:1      | Learned a level 2 spell: Passwall
  1096 | D:2      | Gained mutation: Your demonic aura often causes spilled
                  | blood to erupt in flames. [demonic ancestry]
  1096 | D:2      | Reached XP level 3. HP: 26/26 MP: 1/6
  1929 | D:2      | Got Roxanne's Octavo of Earth and Reformation
  1941 | D:2      | Reached XP level 4. HP: 33/33 MP: 5/8
  2045 | D:2      | Learned a level 3 spell: Stone Arrow
  2419 | D:3      | Found Ipet Was's Antique Weapon Shop.
  3537 | D:4      | Found a runed translucent gate.
  3537 | D:4      | Found a runed translucent gate.
  3537 | D:4      | Found a runed translucent gate.
  3537 | D:4      | Noticed gargbit's ghost (amateur DsHu)
  3537 | D:4      | Noticed a kobold brigand
  3749 | D:5      | Entered Level 5 of the Dungeon
  3813 | D:5      | Noticed an ice beast
  3826 | D:5      | HP: 1/34 [ice beast (6)]
  3827 | D:5      | Killed an ice beast
  3828 | D:5      | Reached skill level 1 in Armour
  3828 | D:5      | Reached XP level 5. HP: 1/39 MP: 6/9
  4138 | D:4      | Reached skill level 1 in Conjurations
  4159 | D:5      | Noticed a phantom
  4167 | D:4      | Gained mutation: You have a pair of small antennae on your
                  | head. [demonic ancestry]
  4167 | D:4      | Reached XP level 6. HP: 43/46 MP: 9/11
  4229 | D:$      | Got out of the dungeon alive.

Illustrated notes

Levels and vault maps discovered:
D:1:      scummos_arrival_hexagon, layout_basic, serial_shops, shop_fountains
D:2:      layout_basic, grunt_decor_arrowhead, minmay_cut_off
D:3:      layout_loops_cross, serial_shops, nicolae_shop_behind_doors,
          chequers_mini_garden, st_stairs_6, minmay_misc_feat_doors
D:4:      layout_gridville, gammafunk_ghost_nasty_kobolds
D:5:      cheibrodos_helix_gallery, layout_loops_ring, temple_hall,
          gammafunk_ghost_abyssal_escape, uniq_edmund, uniq_grinder

Skill      XL: |  1  2  3  4  5 |
---------------+----------------+-----
Fighting       | 1 2 |  2.9
Earth Magic    | 3 |  3.9
Spellcasting   | 3 |  3.3
Armour         | 1 |  1.7
Conjurations   | 1 |  1.1
Dodging        | |  1.7
Stealth        | |  1.7
Transmutations | |  0.8

Action                   |  1- 3 |  4- 6 || total
-------------------------+-------+-------++-------
Melee: Unarmed           |     2 |       ||     2
       Dagger            |    28 |       ||    28
       Punch             |     1 |       ||     1
       Hand axe          |       |    21 ||    21
 Cast: Sandblast         |    61 |    31 ||    92
  Use: Potion            |       |     1 ||     1
Armor: Robe              |    16 |       ||    16
       Leather armour    |       |    12 ||    12
Dodge: Dodged            |    47 |    32 ||    79
